 Dungeon Sprint DCSS version 0.14-a0-3154-g428849b (webtiles) character file.

3504 Froboctopus the Spry (level 10, -11/83 (84) HPs)
             Began as a Merfolk Transmuter on Mar 9, 2014.
             Was a High Priest of Cheibriados.
             Mangled by a vault guard
             ... wielding a +0,+0 battleaxe
              (18 damage)
             ... in the Dungeon (Sprint V: "Ziggurat Sprint").
             The game lasted 00:08:44 (851 turns).

Froboctopus the Spry (Merfolk Transmuter)            Turns: 851, Time: 00:08:44

HP -11/83 (84)   AC  2     Str 37      XL: 10   Next:  7%
MP  14/21        EV 48     Int 25      God: Cheibriados [*****.]
Gold 0           SH  0     Dex 37      Spells:  4 memorised,  6 levels left

rFire  . . .     SeeInvis .       - Unarmed
rCold  . . .     Clarity  .     N - melded +2 robe {Archmagi}
rNeg   . . .     Conserve .     (shield currently unavailable)
rPois  x         rCorr    .     (helmet currently unavailable)
rElec  .         rRot     .     (cloak currently unavailable)
SustAb . .       Spirit   .     (gloves currently unavailable)
rMut   .         Warding  .     (boots currently unavailable)
Saprov . . .     NoTele   +     (no amulet)
MR     .....                    p - cursed +6 ring of strength
                                o - +6 ring of strength

@: spider-form, agile, very slow, not resistant to hostile enchantments, very
stealthy
A: (change form in water), (swift swim)
a: End Transformation, Bend Time, Temporal Distortion, Slouch, Step From Time,
Renounce Religion, Stop Singing


You were in the Dungeon.
You worshipped Cheibriados.
Cheibriados was extremely pleased with you.
You were not hungry.
You were in spider-form.
You visited 1 branch

Inventory:

Missiles
 b - 12 arrows
Armour
 D - a +5 gold dragon armour
 N - a +2 robe of the Archmagi (melded)
Magical devices
 k - a wand of disintegration (7)
 l - a wand of fire (5)
 m - a wand of cold (5)
 n - a wand of draining (5)
Comestibles
 a - 5 bread rations
 q - 42 strawberries
 r - 4 meat rations
 L - a rotting chunk of yak flesh
Scrolls
 j - 3 scrolls of blinking
 s - 3 scrolls of amnesia
 t - 3 scrolls of recharging
 u - 7 scrolls of fog
 v - a scroll of holy word
 w - 5 scrolls of identify
 x - 4 scrolls of remove curse
 y - 2 scrolls of fear
 I - a scroll of brand weapon
Jewellery
 o - a +6 ring of strength (left front leg)
 p - a cursed +6 ring of strength (right front leg)
Potions
 e - 9 potions of curing
 f - 5 potions of heal wounds
 g - 6 potions of speed
 h - 7 potions of magic
 i - 3 potions of berserk rage
 z - 2 potions of brilliance
 A - a potion of invisibility
 B - 2 potions of restore abilities
 C - 4 potions of resistance
 E - 4 potions of agility
 F - 5 potions of might
Books
 d - a book of Changes

   Spells                             Type                      Level
   *Beastly Appendage                 Transmutation                1
   Sticks to Snakes                   Transmutation                2
   *Spider Form                       Transmutation/Poison         3
   Ice Form                           Ice/Transmutation            4
   Blade Hands                        Transmutation                5
 H - a book of Battle

   Spells                             Type                      Level
   Infusion                           Charms                       1
   *Shroud of Golubria                Charms/Translocation         2
   *Song of Slaying                   Charms                       2
   Spectral Weapon                    Hexes/Charms                 3
   Regeneration                       Charms/Necromancy            3
 K - a book of Callings

   Spells                             Type                      Level
   Summon Small Mammal                Summoning                    1
   Call Imp                           Summoning                    2
   Call Canine Familiar               Summoning                    3
   Summon Guardian Golem              Hexes/Summoning              4
   Summon Lightning Spire             Summoning/Air                4
   Summon Ice Beast                   Ice/Summoning                4
 M - a Grand Grimoire This book is beyond your current level of understanding.

   Spells                             Type                      Level
   Aura of Abjuration                 Summoning                    6
   Forceful Dismissal                 Summoning                    6
   Haunt                              Necromancy/Summoning         7
   Summon Greater Demon               Summoning                    7
   Malign Gateway                     Summoning/Translocation      7
   Summon Horrible Things             Summoning                    8
Miscellaneous
 c - a disc of storms
 G - a fan of gales


   Skills:
 + Level 9.6 Fighting
 * Level 15.5 Dodging
 * Level 13.6 Unarmed Combat
 - Level 2.6 Spellcasting
 - Level 11.4 Transmutations
 + Level 8.9 Evocations


You had 6 spell levels left.
You knew the following spells:

 Your Spells              Type           Power        Failure   Level  Hunger
a - Beastly Appendage     Trmt           ######       1%          1    None
b - Spider Form           Trmt/Pois      ####......   12%         3    ###....
c - Shroud of Golubria    Chrm/Tloc      #.........   36%         2    ##.....
d - Song of Slaying       Chrm           #.......     36%         2    ##.....


Dungeon Overview and Level Annotations

Branches:
Dungeon (1/1)

Altars:
Ashenzari
Cheibriados
Dithmenos
Elyvilon
Fedhas
Kikubaaqudgha
Makhleb
Nemelex Xobeh
Okawaru
Sif Muna
Trog
Vehumet
Xom
Yredelemnul
Zin
The Shining One
Beogh
Jiyva
Lugonu


Message History

An air elemental merges itself into the air.
The vault guard hits you with a great mace!
* * * LOW HITPOINT WARNING * * *
The yaktaur shoots a bolt.
The bolt hits you!
* * * LOW HITPOINT WARNING * * *
An air elemental forms itself from the air!
You bite the vault guard!
The vault guard looks even sicker.
The vault guard is heavily wounded.
Your air elemental hits the yaktaur!
The goblin simulacrum barely misses your air elemental.
Unknown command.
You hit the vault guard.
The vault guard is heavily wounded.
Your song is almost over.
Your air elemental hits the yaktaur!
The vault guard completely misses you.
Your air elemental hits the yaktaur but does no damage.
The yaktaur hits your air elemental with a crossbow!
The vault guard hits your air elemental with a battleaxe!
The vault guard hits you with a battleaxe!
You die...

8©8
▓...)}..▓
▓..[))..▓
▓.......▓
▓.......▓
▓.......▓
..zc...
▓.▓@E@▓.▓
▓..)s)..▓
▓▓▓▓▓▓▓▓▓


You could see 2 vault guards, a yaktaur, a goblin simulacrum and a friendly air
elemental.

Vanquished Creatures
  An ogre mage (D)
  A soul eater (D)
  A deep elf knight (D)
  A deep elf conjurer (D)
  3 guardian mummies (D)
  A yak (D)
  A deep elf fighter (D)
  An iguana (D)
  2 orc priests (D)
  A mummy (D)
  A shadow imp (D)
  An orc (D)
  2 jackals (D)
  A giant cockroach zombie (D)
  A jackal skeleton (D)
19 creatures vanquished.

Vanquished Creatures (collateral kills)
  A vault guard (D)
  A deep elf summoner (D)
2 creatures vanquished.

Vanquished Creatures (others)
  Wiglaf (D)
  Josephine (D)
  Erolcha (D)
  An air elemental (D)
  Prince Ribbit (D)
5 creatures vanquished.

Grand Total: 26 creatures vanquished

Notes
Turn   | Place    | Note
--------------------------------------------------------------
     0 | D        | Froboctopus, the Merfolk Transmuter, began the quest for the Orb.
     0 | D        | Reached XP level 1. HP: 15/15 MP: 3/3
     1 | D        | Found an ancient bone altar of Kikubaaqudgha.
     2 | D        | Found a white marble altar of Elyvilon.
     3 | D        | Found a sparkling altar of Nemelex Xobeh.
     3 | D        | Found a burning altar of Makhleb.
     3 | D        | Found a deep blue altar of Sif Muna.
     3 | D        | Found an iron altar of Okawaru.
     4 | D        | Found a bloodstained altar of Trog.
    18 | D        | Found a radiant altar of Vehumet.
    19 | D        | Found a basalt altar of Yredelemnul.
    25 | D        | Reached skill level 5 in Dodging
    25 | D        | Reached skill level 5 in Unarmed Combat
    25 | D        | Reached skill level 5 in Transmutations
    25 | D        | Reached XP level 2. HP: 20/24 MP: 4/4
    75 | D        | Found a shimmering altar of Xom.
    79 | D        | Became a worshipper of Cheibriados the Contemplative
    87 | D        | Killed Erolcha
    89 | D        | Entered arena 1.
    97 | D        | Reached skill level 6 in Dodging
   100 | D        | Killed Josephine
   193 | D        | Entered arena 2.
   193 | D        | Noticed an orc priest
   193 | D        | Noticed an orc priest
   199 | D        | Killed an orc priest
   199 | D        | Reached skill level 1 in Evocations
   199 | D        | Reached XP level 3. HP: 14/29 MP: 3/6
   204 | D        | Killed an orc priest
   204 | D        | Reached skill level 7 in Dodging
   204 | D        | Reached XP level 4. HP: 16/37 MP: 4/8
   253 | D        | Killed Wiglaf
   377 | D        | Learned a level 3 spell: Spider Form
   377 | D        | Entered arena 3.
   377 | D        | Noticed a deep elf conjurer
   377 | D        | Noticed a deep elf summoner
   377 | D        | Noticed a deep elf knight
   377 | D        | Noticed a deep elf fighter
   388 | D        | Killed a deep elf summoner
   388 | D        | Reached skill level 5 in Fighting
   388 | D        | Reached skill level 9 in Dodging
   388 | D        | Reached XP level 5. HP: 41/44 MP: 6/9
   388 | D        | Reached XP level 6. HP: 47/51 MP: 7/11
   393 | D        | Killed a deep elf conjurer
   393 | D        | Reached skill level 11 in Dodging
   393 | D        | Reached skill level 10 in Unarmed Combat
   393 | D        | Reached skill level 5 in Evocations
   393 | D        | Reached XP level 7. HP: 35/59 MP: 7/13
   393 | D        | Reached XP level 8. HP: 38/65 MP: 8/15
   395 | D        | Killed a deep elf fighter
   395 | D        | Acquired Cheibriados' first power
   398 | D        | Killed a deep elf knight
   398 | D        | Reached skill level 12 in Dodging
   437 | D        | Got the ring of Parudud {SustAb Hunger+ +Inv rPois Acc+3}
   529 | D        | Entered arena 4.
   529 | D        | Noticed an iguana
   529 | D        | Noticed a yak
   533 | D        | Killed Prince Ribbit
   537 | D        | Killed a yak
   537 | D        | Reached skill level 13 in Dodging
   539 | D        | Killed an iguana
   539 | D        | Acquired Cheibriados' second power
   552 | D        | Identified the Tome of Transmigration (You found it in the Dungeon)
   569 | D        | Entered arena 5.
   569 | D        | Noticed a guardian mummy
   569 | D        | Noticed a guardian mummy
   569 | D        | Noticed a guardian mummy
   579 | D        | Killed a guardian mummy
   579 | D        | Reached XP level 9. HP: 47/74 MP: 15/18
   584 | D        | Killed a guardian mummy
   584 | D        | Acquired Cheibriados' third power
   587 | D        | Killed a guardian mummy
   587 | D        | Reached skill level 14 in Dodging
   587 | D        | Noticed a soul eater
   601 | D        | HP: 1/74 [soul eater/drain life[an indirect mummy death curse] (16)]
   608 | D        | Killed a soul eater
   823 | D        | Learned a level 2 spell: Shroud of Golubria
   826 | D        | Learned a level 2 spell: Song of Slaying
   827 | D        | Entered arena 6.
   827 | D        | Noticed a vault guard
   827 | D        | Noticed a yaktaur
   827 | D        | Noticed a vault guard
   827 | D        | Noticed an ogre mage
   827 | D        | Noticed a vault guard
   841 | D        | Killed an ogre mage
   841 | D        | Reached skill level 15 in Dodging
   848 | D        | Killed a vault guard
   848 | D        | Reached XP level 10. HP: 20/83 MP: 14/21
   851 | D        | Mangled by a vault guard

Action                   |  1- 3 |  4- 6 |  7- 9 | 10-12 || total
-------------------------+-------+-------+-------+-------++-------
Melee: Unarmed           |    18 |    10 |    61 |     3 ||    92
 Cast: Beastly Appendage |     2 |     1 |       |       ||     3
       Spider Form       |       |     1 |     4 |       ||     5
       Shroud of Golubri |       |       |     1 |       ||     1
       Song of Slaying   |       |       |     1 |       ||     1
Evoke: Fan of gales      |       |     1 |     1 |       ||     2
  Use: Potion            |     1 |     2 |     6 |       ||     9
 Stab: Invisible         |       |     2 |     2 |       ||     4
